 Dungeon Crawl Stone Soup version 0.31.0-32-g396128a36d (webtiles) character file.

Game seed: 12209891859340154907

95 GiantSquids the Chopper (level 4, 0/41 HPs)
             Began as a Hill Orc Berserker on Apr 19, 2024.
             Was a Believer of Trog.
             Slain by an ogre
             ... wielding a +0 giant club
              (12 damage)
             ... on level 4 of the Dungeon.
             The game lasted 00:05:30 (2562 turns).

GiantSquids the Chopper (Hill Orc Berserker)        Turns: 2562, Time: 00:05:31

Health: 0/41       AC: 12    Str: 21    XL:     4   Next: 66%
Magic:  4/4        EV:  6    Int:  7    God:    Trog [**....]
Gold:   138        SH:  0    Dex: 10    Spells: 3/3 levels left

rFire   . . .        r - +0 war axe (freeze)
rCold   . . .        (no shield)
rNeg    . . .        v - +0 plate armour
rPois   .            (no helmet)
rElec   .            u - +0 cloak
rCorr   .            (no gloves)
SInv    +            (no boots)
Will    .....        (no amulet) Stlth
                     t - ring of see invisible
HPRegen 0.26/turn    (no ring)
MPRegen 0.09/turn

%: no passive effects
@: no status effects
A: no striking features
a: Renounce Religion, Berserk, Trog's Hand


You were on level 4 of the Dungeon.
You worshipped Trog.
Trog was pleased with you.
You visited 1 branch of the dungeon, and saw 4 of its levels.

You collected 138 gold pieces.

Inventory:

Hand Weapons
 r - a +0 war axe of freezing (weapon)
Missiles
 c - 35 stones (quivered)
 x - 5 boomerangs
Armour
 u - a +0 cloak (worn)
 v - a +0 plate armour (worn)
Jewellery
 t - a ring of see invisible (left hand)
Scrolls
 b - a scroll of vulnerability {unknown}
 d - 2 scrolls of torment {unknown}
 f - a scroll of enchant armour {unknown}
 h - 5 scrolls of immolation {unknown}
 j - a scroll of revelation {unknown}
 k - 2 scrolls of blinking {unknown}
 l - 2 scrolls of identify {unknown}
 o - a scroll of fog {unknown}
Potions
 a - a potion of ambrosia {unknown}
 e - 2 potions of mutation {unknown}
 g - 3 potions of heal wounds {unknown}
 i - a potion of might {unknown}
 n - a potion of resistance {unknown}
 p - a potion of cancellation {unknown}
 q - a potion of attraction {unknown}
 s - a potion of lignification {unknown}
 w - a potion of haste {unknown}


   Skills:
 + Level 4.4 Fighting
 * Level 5.6 Axes
 + Level 3.2 Armour
 - Level 1.5 Dodging


You had 3 spell levels left.
You didn't know any spells.
Your spell library was empty.

Dungeon Overview and Level Annotations

Branches:
Dungeon (4/15)
 Temple: D:4-7

Altars:


Message History

The poisoned dart barely misses you.
You hit the goblin. You freeze the goblin.
The goblin is severely wounded.
You feel sick. The goblin hits you but does no damage.
You slash the goblin! You freeze the goblin.
You kill the goblin!
Trog accepts your kill.
You hit the endoplasm. You freeze the endoplasm.
You kill the endoplasm!
Trog accepts your kill.
You feel sick.
You feel sick.
You see here a +0 club.
You hit the kobold. You freeze the kobold.
You kill the kobold!
Trog accepts your kill.
You feel sick.
You are no longer poisoned.
You barely miss the endoplasm.
The endoplasm hits you but does no damage.
You slash the endoplasm! You freeze the endoplasm.
You kill the endoplasm!
Trog accepts your kill.
Things that are here:
a +0 whip; 8 poisoned darts
Found a club.
You now have 138 gold pieces (gained 12).
An ogre comes into view. It is wielding a +0 giant club.
An ogre is nearby!
Found a stone staircase leading down.
The ogre shouts!
You hear a shout!
You hit the ogre. You freeze the ogre.
The ogre is moderately wounded.
The ogre hits you with a +0 giant club!!
Ouch! That really hurt!
* * * LOW HITPOINT WARNING * * *
You slash the ogre! You freeze the ogre.
The ogre is almost dead.
The ogre hits you with a +0 giant club!
You die...

#........#
#........#
#........#
#+#........#
.....$.....# .#
...........# .#
.>.........# .#
......^....###.###
......O@...#.....###
#+#.#...............
########...#.##.
#####..##.#
#.........##
###.####..#....
..#.#.....#.###
....#..#..#.#
.........)..#


You could see an ogre.

Vanquished Creatures
  Terence (D:2)
  A dart slug (D:2)
  2 ribbon worms (D:2)
  6 ball pythons
  8 bats
  8 endoplasms
  6 giant cockroaches
  5 goblins
  5 hobgoblins
  3 jackals (D:1)
  A quokka (D:2)
  2 frilled lizards
  6 kobolds
  A rat (D:2)
55 creatures vanquished.

Notes
Turn   | Place    | Note
-------+----------+-------------------------------------------
     0 | D:1      | GiantSquids the Hill Orc Berserker began the quest for the
                  | Orb.
     0 | D:1      | Reached XP level 1. HP: 19/19 MP: 1/1
   446 | D:1      | Reached XP level 2. HP: 27/27 MP: 2/2
  1020 | D:2      | Found a faded altar of an unknown god.
  1050 | D:2      | Identified the +2 leather armour of Good Intentions {Str+5
                  | Dex-4}
  1055 | D:2      | Reached XP level 3. HP: 19/33 MP: 3/3
  1415 | D:2      | Noticed Terence
  1425 | D:2      | Killed Terence
  1426 | D:2      | Reached skill level 5 in Axes
  1426 | D:2      | Reached XP level 4. HP: 32/40 MP: 4/4
  1913 | D:3      | Reached ** piety under Trog
  2557 | D:4      | Noticed an ogre
  2562 | D:4      | Slain by an ogre

Illustrated notes

Levels and vault maps discovered:
D:1:      dpeg_arrival_signposts, layout_basic
D:2:      layout_basic, basic_ecumenical_altar, minmay_split_cup_large,
          uniq_terence
D:3:      layout_rooms, serial_curves, eino_curves_04, eino_curves_04
D:4:      layout_basic, nicolae_elyvilon_temple_path

Skill      XL: |  1  2  3  4 |
---------------+-------------+-----
Fighting       | 4 |  4.4
Axes           | 5 |  5.6
Armour         | 3 |  3.2
Dodging        | |  1.5

Action                     |  1- 3 |  4- 6 || total
---------------------------+-------+-------++-------
  Melee: Hand axe          |    87 |       ||    87
         Punch             |     1 |     1 ||     2
         War axe           |    16 |    81 ||    97
 Invoke: Berserk           |     1 |       ||     1
 Armour: Animal skin       |    42 |       ||    42
         Leather armour    |    16 |    42 ||    58
         Plate armour      |       |    11 ||    11
  Dodge: Dodged            |    57 |    67 ||   124
